[Event "Mitropa Online Cup Women 2021"]
[Site "Hybrid"]
[Date "2021.05.04"]
[Round "1.1"]
[White "Klek, Hanna Marie"]
[Black "Mueller-Seps, Monika"]
[Result "0-1"]
[ECO "B33"]
[WhiteElo "2302"]
[BlackElo "2243"]
[Annotator "NA"]
[PlyCount "64"]
[EventDate "2021.05.04"]
[EventType "team-tourn"]
[EventCountry "NET"]
[SourceTitle "playchess.com"]
[Source "ChessBase"]
[SourceQuality "1"]
[WhiteTeam "Germany"]
[BlackTeam "Switzerland"]
[WhiteTeamCountry "GER"]
[BlackTeamCountry "SUI"]
[TimeControl "40/5400+30:1800+30"]

1. e4 c5 2. Nf3 Nc6 3. d4 cxd4 4. Nxd4 e5 5. Nb5 d6 6. N1c3 a6 7. Na3 b5 8. Nd5 Nge7 9. c4 Nd4 10. Be3 Nxd5 11. exd5 Nf5 12. Bd2 g6 13. cxb5 Bg7 14. Bc3 O-O 15. b6 Bb7 16. Bc4 Qg5 17. g3 h5 18. h4 Qd8 19. Qb3 Bh6 20. Nc2 Rc8 21. Rd1 Re8 22. Be2 e4 23. Nd4 Qd7 24. O-O Rc5 25. Nc6 e3 26. Bf3 e2 27. Bxe2 Rxe2 28. Rfe1 Rxe1+ 29. Rxe1 Rxc6 30. dxc6 Qxc6 31. f3 Qxf3 32. Re8+ Bf8 0-1

[Event "Mitropa Online Cup Women 2021"]
[Site "Hybrid"]
[Date "2021.05.04"]
[Round "1.1"]
[White "Sieber, Fiona"]
[Black "Thode, Gilda"]
[Result "1-0"]
[ECO "C10"]
[WhiteElo "2275"]
[BlackElo "1987"]
[Annotator "NA"]
[PlyCount "71"]
[EventDate "2021.05.04"]
[EventType "team-tourn"]
[EventCountry "NET"]
[SourceTitle "playchess.com"]
[Source "ChessBase"]
[SourceQuality "1"]
[WhiteTeam "Germany"]
[BlackTeam "Switzerland"]
[WhiteTeamCountry "GER"]
[BlackTeamCountry "SUI"]
[TimeControl "40/5400+30:1800+30"]

1. e4 e6 2. d4 d5 3. Nc3 Nc6 4. Nf3 Nf6 5. e5 Ne4 6. Ne2 Be7 7. Ng3 f5 8. exf6 Nxf6 9. Bd3 O-O 10. O-O Nb4 11. Be2 c5 12. a3 Nc6 13. dxc5 Bxc5 14. b4 Bd6 15. Bb2 Qc7 16. c4 dxc4 17. Bxc4 Bxg3 18. hxg3 Nxb4 19. Rc1 Nc6 20. Ng5 Qa5 21. Bxe6+ Bxe6 22. Nxe6 Rf7 23. Rc5 Qb6 24. Qc2 Re8 25. Ng5 Rfe7 26. Qc4+ Kh8 27. Bxf6 gxf6 28. Nf7+ Kg7 29. Nd6 Ne5 30. Nxe8+ Rxe8 31. Rc7+ Kg6 32. Qc2+ f5 33. Rb1 Qa5 34. Rcxb7 Qxa3 35. Qc7 Qf8 36. Qxh7+ 1-0

[Event "Mitropa Online Cup Women 2021"]
[Site "Hybrid"]
[Date "2021.05.04"]
[Round "1.1"]
[White "Hakimifard, Ghazal"]
[Black "Schneider, Jana"]
[Result "0-1"]
[ECO "C09"]
[WhiteElo "2265"]
[BlackElo "2272"]
[Annotator "NA"]
[PlyCount "78"]
[EventDate "2021.05.04"]
[EventType "team-tourn"]
[EventCountry "NET"]
[SourceTitle "playchess.com"]
[Source "ChessBase"]
[SourceQuality "1"]
[WhiteTeam "Switzerland"]
[BlackTeam "Germany"]
[WhiteTeamCountry "SUI"]
[BlackTeamCountry "GER"]
[TimeControl "40/5400+30:1800+30"]

1. e4 e6 2. d4 d5 3. Nd2 c5 4. exd5 exd5 5. Ngf3 Nc6 6. Bb5 Qe7+ 7. Be2 Qc7 8. O-O Nf6 9. Re1 cxd4 10. Nb3 Bb4 11. Bd2 Bxd2 12. Qxd2 O-O 13. Nfxd4 Bd7 14. Bf3 Ne5 15. Qf4 Rfe8 16. Re3 Rac8 17. Rae1 Nc4 18. Rxe8+ Bxe8 19. Qc1 Bd7 20. c3 Qb6 21. Re2 a5 22. Qc2 a4 23. Nc1 a3 24. b3 Nd6 25. Qd3 Nb5 26. Nf5 Rxc3 27. Ne7+ Kf8 28. Qd1 Qc5 29. Re1 Rxc1 30. Qxc1 Qxc1 31. Rxc1 Kxe7 32. Be2 Nd4 33. Bd3 Kd6 34. f3 Bf5 35. Rd1 Bxd3 36. Rxd3 Nb5 37. Kf2 d4 38. Rd2 Kc5 39. Ke2 Nd5 0-1

[Event "Mitropa Online Cup Women 2021"]
[Site "Hybrid"]
[Date "2021.05.04"]
[Round "1.1"]
[White "Heinatz, Gundula"]
[Black "Muetsch, Annmarie"]
[Result "0-1"]
[ECO "A45"]
[WhiteElo "2131"]
[BlackElo "2266"]
[Annotator "NA"]
[PlyCount "96"]
[EventDate "2021.05.04"]
[EventType "team-tourn"]
[EventCountry "NET"]
[SourceTitle "playchess.com"]
[Source "ChessBase"]
[SourceQuality "1"]
[WhiteTeam "Switzerland"]
[BlackTeam "Germany"]
[WhiteTeamCountry "SUI"]
[BlackTeamCountry "GER"]
[TimeControl "40/5400+30:1800+30"]

1. d4 Nf6 2. Bf4 d6 3. Nc3 Nbd7 4. Nf3 c5 5. e3 g6 6. Qd2 Bg7 7. h4 a6 8. a4 Qa5 9. Rd1 Nb6 10. Be2 Bd7 11. b3 Rc8 12. d5 c4 13. b4 Qxb4 14. Rb1 Qa5 15. O-O Nbxd5 16. Nxd5 Qxd5 17. Qb4 b5 18. axb5 axb5 19. Ng5 h6 20. Nf3 Ne4 21. Rfd1 Qc5 22. Qxc5 Rxc5 23. Re1 Nc3 24. Rbc1 Nxe2+ 25. Rxe2 e5 26. Bg3 Bg4 27. Rd2 Bxf3 28. gxf3 Ke7 29. e4 Rd8 30. f4 Ke6 31. Rcd1 b4 32. f3 f5 33. exf5+ gxf5 34. Rg2 Bf6 35. Be1 c3 36. Rg6 Rb8 37. h5 b3 38. Bh4 Rf8 39. cxb3 c2 40. Rc1 e4 41. b4 Rc3 42. Be1 Rc4 43. Bh4 d5 44. b5 d4 45. b6 d3 46. b7 Rb4 47. Be1 Rxb7 48. Ra1 Rb1 0-1

[Event "Mitropa Online Cup Women 2021"]
[Site "Hybrid"]
[Date "2021.05.04"]
[Round "1.2"]
[White "Petrova, Kristyna"]
[Black "Medic, Mirjana"]
[Result "1-0"]
[ECO "A11"]
[WhiteElo "2303"]
[BlackElo "2147"]
[Annotator "NA"]
[PlyCount "59"]
[EventDate "2021.05.04"]
[EventType "team-tourn"]
[EventCountry "NET"]
[SourceTitle "playchess.com"]
[Source "ChessBase"]
[SourceQuality "1"]
[WhiteTeam "Czech Republic"]
[BlackTeam "Croatia"]
[WhiteTeamCountry "CZE"]
[BlackTeamCountry "CRO"]
[TimeControl "40/5400+30:1800+30"]

1. Nf3 d5 2. c4 c6 3. e3 e6 4. Nc3 Nf6 5. b3 Bd6 6. Bb2 Nbd7 7. Qc2 O-O 8. Rg1 dxc4 9. Bxc4 Nb6 10. Bd3 e5 11. h3 Qe7 12. a3 Re8 13. Ng5 g6 14. Nge4 Nxe4 15. Nxe4 Bc7 16. g4 Nd5 17. Rg3 Rd8 18. O-O-O Bd7 19. g5 b6 20. h4 Rac8 21. h5 Be6 22. hxg6 hxg6 23. Nf6+ Kg7 24. f4 Rh8 25. fxe5 Bb8 26. Kb1 b5 27. Rgg1 a6 28. Rh1 c5 29. Nxd5 Bxd5 30. e6+ 1-0

[Event "Mitropa Online Cup Women 2021"]
[Site "Hybrid"]
[Date "2021.05.04"]
[Round "1.2"]
[White "Cvitan, Ena"]
[Black "Olsarova, Karolina"]
[Result "0-1"]
[ECO "E11"]
[WhiteElo "2263"]
[BlackElo "2290"]
[Annotator "NA"]
[PlyCount "90"]
[EventDate "2021.05.04"]
[EventType "team-tourn"]
[EventCountry "NET"]
[SourceTitle "playchess.com"]
[Source "ChessBase"]
[SourceQuality "1"]
[WhiteTeam "Croatia"]
[BlackTeam "Czech Republic"]
[WhiteTeamCountry "CRO"]
[BlackTeamCountry "CZE"]
[TimeControl "40/5400+30:1800+30"]

1. d4 Nf6 2. c4 e6 3. Nf3 Bb4+ 4. Nbd2 O-O 5. a3 Be7 6. e4 d6 7. Bd3 Nbd7 8. Bc2 e5 9. d5 a5 10. Rb1 g6 11. O-O Nh5 12. Re1 Qe8 13. Nf1 Nb6 14. Bh6 Ng7 15. c5 Nd7 16. Ba4 Qd8 17. c6 Nc5 18. cxb7 Bxb7 19. Bc6 Bxc6 20. dxc6 a4 21. Qd5 Ra6 22. Rec1 Nb3 23. Rc4 Re8 24. Ne3 Ne6 25. Rd1 Ned4 26. Nxd4 exd4 27. Rxa4 Rxa4 28. Qxb3 Qa8 29. Nd5 Bd8 30. Qf3 Re6 31. Rc1 Ra6 32. Nb4 Ra5 33. Qd3 g5 34. Qh3 Rxe4 35. f4 Re6 36. fxg5 Bxg5 37. Bxg5 Rxg5 38. Qd3 Qe8 39. h4 Re1+ 40. Rxe1 Qxe1+ 41. Kh2 Qxh4+ 42. Qh3 Qf4+ 43. Kg1 Qc1+ 44. Kh2 Qd1 45. Qc8+ Kg7 0-1

[Event "Mitropa Online Cup Women 2021"]
[Site "Hybrid"]
[Date "2021.05.04"]
[Round "1.2"]
[White "Kanakova, Natalie"]
[Black "Spiranec, Noemi"]
[Result "0-1"]
[ECO "C54"]
[WhiteElo "2179"]
[BlackElo "2098"]
[Annotator "NA"]
[PlyCount "82"]
[EventDate "2021.05.04"]
[EventType "team-tourn"]
[EventCountry "NET"]
[SourceTitle "playchess.com"]
[Source "ChessBase"]
[SourceQuality "1"]
[WhiteTeam "Czech Republic"]
[BlackTeam "Croatia"]
[WhiteTeamCountry "CZE"]
[BlackTeamCountry "CRO"]
[TimeControl "40/5400+30:1800+30"]

1. e4 e5 2. Nf3 Nc6 3. Bc4 Bc5 4. c3 Nf6 5. d4 exd4 6. b4 Be7 7. e5 Ne4 8. b5 Na5 9. Bd5 Nxc3 10. Nxc3 dxc3 11. Nd4 O-O 12. Qg4 d6 13. e6 fxe6 14. Nxe6 Bxe6 15. Bxe6+ Kh8 16. O-O Bf6 17. Be3 d5 18. Qh5 Qe8 19. Qxe8 Rfxe8 20. Bxd5 Rad8 21. Rad1 Re5 22. Bf3 Rxd1 23. Bxd1 Rxb5 24. Bc1 Kg8 25. Bc2 Re5 26. Bd3 c5 27. f3 Nc6 28. Bf4 Re8 29. Bc4+ Kh8 30. Rc1 a6 31. a4 Nd4 32. Kf2 b5 33. axb5 axb5 34. Bf1 b4 35. Bd3 g5 36. Be3 Nb3 37. Rb1 Nd2 38. Rd1 Bd4 39. Bxd4+ cxd4 40. Bf5 b3 41. Rc1 b2 0-1

[Event "Mitropa Online Cup Women 2021"]
[Site "Hybrid"]
[Date "2021.05.04"]
[Round "1.2"]
[White "Vujnovic, Patricija"]
[Black "Worek, Joanna"]
[Result "0-1"]
[ECO "B23"]
[WhiteElo "2129"]
[BlackElo "2322"]
[Annotator "NA"]
[PlyCount "96"]
[EventDate "2021.05.04"]
[EventType "team-tourn"]
[EventCountry "NET"]
[SourceTitle "playchess.com"]
[Source "ChessBase"]
[SourceQuality "1"]
[WhiteTeam "Croatia"]
[BlackTeam "Czech Republic"]
[WhiteTeamCountry "CRO"]
[BlackTeamCountry "CZE"]
[TimeControl "40/5400+30:1800+30"]

1. e4 c5 2. Nc3 Nc6 3. Bb5 Nd4 4. Nf3 Nxb5 5. Nxb5 d6 6. d4 cxd4 7. Qxd4 Bd7 8. Nc3 e5 9. Qd3 h6 10. Nd2 Nf6 11. Nc4 Be6 12. Ne3 Rc8 13. O-O Be7 14. Ncd5 Nxd5 15. Nxd5 Bxd5 16. Qxd5 Rxc2 17. Qxb7 Qd7 18. Qb3 Rc7 19. Be3 O-O 20. Rac1 Rb7 21. Qc2 f5 22. f4 fxe4 23. fxe5 Rxf1+ 24. Rxf1 d5 25. Qf2 Qe6 26. Bxa7 Qxe5 27. Bd4 Qe6 28. b3 Rb4 29. Bc5 Bxc5 30. Qxc5 Qb6 31. Qxb6 Rxb6 32. Rd1 Rd6 33. Kf2 d4 34. a4 Kf7 35. b4 Ke6 36. b5 Kd5 37. a5 e3+ 38. Ke2 Rf6 39. Kd3 Rf2 40. a6 Ra2 41. h3 g5 42. g4 Ra3+ 43. Kc2 Kc4 44. Rb1 Ra2+ 45. Rb2 d3+ 46. Kb1 Ra5 47. b6 e2 48. b7 e1=Q# 0-1

[Event "Mitropa Online Cup Women 2021"]
[Site "Hybrid"]
[Date "2021.05.04"]
[Round "1.3"]
[White "Janzelj, Lara"]
[Black "Sankova, Stella"]
[Result "0-1"]
[ECO "E25"]
[WhiteElo "2212"]
[BlackElo "2087"]
[Annotator "NA"]
[PlyCount "80"]
[EventDate "2021.05.04"]
[EventType "team-tourn"]
[EventCountry "NET"]
[SourceTitle "playchess.com"]
[Source "ChessBase"]
[SourceQuality "1"]
[WhiteTeam "Slovenia"]
[BlackTeam "Slovakia"]
[WhiteTeamCountry "SLO"]
[BlackTeamCountry "SVK"]
[TimeControl "40/5400+30:1800+30"]

1. d4 Nf6 2. c4 e6 3. Nc3 Bb4 4. f3 d5 5. a3 Bxc3+ 6. bxc3 c5 7. cxd5 exd5 8. e3 Bf5 9. Ne2 Nc6 10. g4 Be6 11. Bg2 Rc8 12. O-O O-O 13. Nf4 Na5 14. Nd3 b6 15. a4 Re8 16. Nf2 cxd4 17. cxd4 Re7 18. f4 Rc6 19. f5 Bc8 20. g5 Ne8 21. Nd3 Nc4 22. Qf3 Rd6 23. Nf4 Nc7 24. f6 gxf6 25. Nh5 fxg5 26. Nf6+ Kg7 27. e4 dxe4 28. Qh5 Rxf6 29. Rxf6 Qxd4+ 30. Rf2 Qxa1 31. Qxg5+ Kf8 32. Qh6+ Qg7 33. Qc6 Ne5 34. Qd6 Ne8 35. Qd8 Bh3 36. Ba3 Nf3+ 37. Kf1 Bxg2+ 38. Ke2 Ng1+ 39. Kd1 Qa1+ 40. Bc1 Bf3+ 0-1

[Event "Mitropa Online Cup Women 2021"]
[Site "Hybrid"]
[Date "2021.05.04"]
[Round "1.3"]
[White "Rozman, Monika"]
[Black "Taragelova, Martina"]
[Result "1/2-1/2"]
[ECO "C54"]
[WhiteElo "2175"]
[BlackElo "2010"]
[Annotator "NA"]
[PlyCount "93"]
[EventDate "2021.05.04"]
[EventType "team-tourn"]
[EventCountry "NET"]
[SourceTitle "playchess.com"]
[Source "ChessBase"]
[SourceQuality "1"]
[WhiteTeam "Slovenia"]
[BlackTeam "Slovakia"]
[WhiteTeamCountry "SLO"]
[BlackTeamCountry "SVK"]
[TimeControl "40/5400+30:1800+30"]

1. e4 e5 2. Nf3 Nc6 3. Bc4 Bc5 4. c3 Nf6 5. d3 d6 6. O-O O-O 7. Bb3 a5 8. Nbd2 Ba7 9. Nc4 h6 10. Re1 Re8 11. Ne3 Ne7 12. Nh4 c6 13. Qf3 d5 14. exd5 cxd5 15. Ba4 e4 16. dxe4 dxe4 17. Qe2 Nc6 18. Rd1 Qc7 19. Nhf5 Bxe3 20. Nxe3 Be6 21. Bd2 Red8 22. Be1 Ne5 23. h3 Bxh3 24. Rxd8+ Rxd8 25. Rd1 Rxd1 26. Qxd1 Be6 27. Bb5 Neg4 28. Nf1 Nd5 29. Qd4 Qe5 30. Qxe5 Nxe5 31. c4 Nc7 32. Ng3 Nxb5 33. cxb5 Bxa2 34. Nxe4 Bd5 35. Nd6 Nc4 36. Nxc4 Bxc4 37. Bxa5 Bxb5 38. f3 Kf8 39. Bc3 f6 40. Kf2 Kf7 41. g4 Ke6 42. Ke3 g6 43. Kf4 Bd3 44. Kg3 f5 45. Bg7 h5 46. gxh5 gxh5 47. f4 1/2-1/2

[Event "Mitropa Online Cup Women 2021"]
[Site "Hybrid"]
[Date "2021.05.04"]
[Round "1.3"]
[White "Ferkova, Dominika"]
[Black "Hrescak, Ivana"]
[Result "1-0"]
[ECO "E81"]
[WhiteElo "2006"]
[BlackElo "2201"]
[Annotator "NA"]
[PlyCount "161"]
[EventDate "2021.05.04"]
[EventType "team-tourn"]
[EventCountry "NET"]
[SourceTitle "playchess.com"]
[Source "ChessBase"]
[SourceQuality "1"]
[WhiteTeam "Slovakia"]
[BlackTeam "Slovenia"]
[WhiteTeamCountry "SVK"]
[BlackTeamCountry "SLO"]
[TimeControl "40/5400+30:1800+30"]

1. d4 Nf6 2. c4 g6 3. Nc3 Bg7 4. e4 d6 5. f3 O-O 6. Be3 c5 7. Nge2 Qa5 8. Qd2 Nc6 9. d5 Ne5 10. Nc1 a6 11. Be2 Rb8 12. a4 Rd8 13. h3 Nh5 14. Kf2 Nf6 15. N1a2 Qc7 16. f4 Ned7 17. g4 Nf8 18. g5 Ne8 19. Bd3 e6 20. h4 Qe7 21. Rae1 Nc7 22. f5 exf5 23. exf5 Bxf5 24. Bxf5 gxf5 25. Bxc5 Qd7 26. Bd4 Bxd4+ 27. Qxd4 Ng6 28. Nb4 Re8 29. h5 Ne5 30. Nd3 Nxd3+ 31. Qxd3 Rxe1 32. Rxe1 Re8 33. Rxe8+ Nxe8 34. b3 f6 35. Qg3 Qg7 36. gxf6 Nxf6 37. Qxg7+ Kxg7 38. b4 b6 39. Kf3 Nd7 40. Kf4 Kf6 41. Nd1 Ne5 42. Nb2 a5 43. bxa5 bxa5 44. h6 Nd7 45. Nd1 Nb6 46. Ne3 Kg6 47. c5 dxc5 48. Ke5 Kg5 49. d6 f4 50. Nd5 Nc4+ 51. Ke6 Nxd6 52. Kxd6 c4 53. Ke5 f3 54. Ne3 c3 55. Ke4 f2 56. Kd3 Kxh6 57. Kxc3 Kg5 58. Kd2 Kf4 59. Ke2 Ke4 60. Nc4 Kd4 61. Nxa5 Kc5 62. Nb3+ Kb4 63. a5 Kb5 64. Kxf2 Ka6 65. Kg3 Kb5 66. Kh4 Kc6 67. Kh5 Kc7 68. Kh6 Kc6 69. Kxh7 Kc7 70. Kg6 Kc6 71. Kf5 Kb5 72. Kf6 Kc6 73. Ke6 Kc7 74. Kd5 Kb7 75. Kd6 Ka6 76. Kc6 Ka7 77. Nc5 Kb8 78. Kb6 Ka8 79. Ne6 Kb8 80. Nc7 Kc8 81. a6 1-0

[Event "Mitropa Online Cup Women 2021"]
[Site "Hybrid"]
[Date "2021.05.04"]
[Round "1.3"]
[White "Kovarikova, Maria"]
[Black "Hercog, Nusa"]
[Result "0-1"]
[ECO "B44"]
[WhiteElo "1899"]
[BlackElo "2088"]
[Annotator "NA"]
[PlyCount "48"]
[EventDate "2021.05.04"]
[EventType "team-tourn"]
[EventCountry "NET"]
[SourceTitle "playchess.com"]
[Source "ChessBase"]
[SourceQuality "1"]
[WhiteTeam "Slovakia"]
[BlackTeam "Slovenia"]
[WhiteTeamCountry "SVK"]
[BlackTeamCountry "SLO"]
[TimeControl "40/5400+30:1800+30"]

1. e4 c5 2. Nf3 Nc6 3. d4 cxd4 4. Nxd4 e6 5. c4 Nf6 6. Nc3 Bb4 7. Nxc6 bxc6 8. Bd3 e5 9. O-O d6 10. Bg5 Bc5 11. Bc2 h6 12. Bh4 g5 13. Bg3 h5 14. Ba4 Bd7 15. h4 Ng4 16. a3 gxh4 17. Bh2 Qg5 18. Ne2 Rg8 19. g3 hxg3 20. Nxg3 h4 21. Qc1 hxg3 22. Bxg3 Nxf2 23. Qxg5 Rxg5 24. Rxf2 Rxg3+ 0-1

[Event "Mitropa Online Cup Women 2021"]
[Site "Hybrid"]
[Date "2021.05.04"]
[Round "1.4"]
[White "Brunello, Marina"]
[Black "Terbe, Julianna"]
[Result "1-0"]
[ECO "B33"]
[WhiteElo "2367"]
[BlackElo "2267"]
[Annotator "NA"]
[PlyCount "67"]
[EventDate "2021.05.04"]
[EventType "team-tourn"]
[EventCountry "NET"]
[SourceTitle "playchess.com"]
[Source "ChessBase"]
[SourceQuality "1"]
[WhiteTeam "Italy"]
[BlackTeam "Hungary"]
[WhiteTeamCountry "ITA"]
[BlackTeamCountry "HUN"]
[TimeControl "40/5400+30:1800+30"]

1. e4 c5 2. Nf3 Nc6 3. d4 cxd4 4. Nxd4 Nf6 5. Nc3 e5 6. Ndb5 d6 7. Bg5 a6 8. Na3 b5 9. Nd5 Be7 10. Bxf6 Bxf6 11. c4 b4 12. Nc2 a5 13. g3 O-O 14. Bg2 Bg5 15. O-O Be6 16. Kh1 Nb8 17. f4 Bh6 18. Nce3 g6 19. f5 Bxd5 20. Qxd5 Ra6 21. Ng4 Qg5 22. Bh3 Bg7 23. fxg6 Qxg6 24. Rf3 Nc6 25. Raf1 Nd4 26. R3f2 Rc6 27. Nf6+ Kh8 28. Nd7 Rg8 29. Rxf7 Qh6 30. Kg2 Qe3 31. R1f2 a4 32. Rxg7 Kxg7 33. Qf7+ Kh6 34. Nf6 1-0

[Event "Mitropa Online Cup Women 2021"]
[Site "Hybrid"]
[Date "2021.05.04"]
[Round "1.4"]
[White "Juhasz, Barbara"]
[Black "Zimina, Olga"]
[Result "1/2-1/2"]
[ECO "B13"]
[WhiteElo "2211"]
[BlackElo "2354"]
[Annotator "NA"]
[PlyCount "127"]
[EventDate "2021.05.04"]
[EventType "team-tourn"]
[EventCountry "NET"]
[SourceTitle "playchess.com"]
[Source "ChessBase"]
[SourceQuality "1"]
[WhiteTeam "Hungary"]
[BlackTeam "Italy"]
[WhiteTeamCountry "HUN"]
[BlackTeamCountry "ITA"]
[TimeControl "40/5400+30:1800+30"]

1. e4 c6 2. d4 d5 3. exd5 cxd5 4. Bd3 Nc6 5. c3 Nf6 6. Bf4 Bg4 7. Qb3 Qd7 8. Nd2 e6 9. Ngf3 Bxf3 10. Nxf3 Bd6 11. Bxd6 Qxd6 12. O-O O-O 13. Rae1 Qc7 14. Qd1 Rab8 15. Qe2 Rfe8 16. Ne5 Nxe5 17. dxe5 Nd7 18. Qh5 g6 19. Qg5 b5 20. a3 a5 21. h4 Nc5 22. Bb1 Qe7 23. Qg4 Na4 24. Re2 Rec8 25. h5 Kg7 26. Rd1 Rc4 27. Rd4 Rxd4 28. Qxd4 Qg5 29. f4 Qxh5 30. Rf2 Nb6 31. Bc2 Qh4 32. Bd3 Nd7 33. Bf1 Rb7 34. Rd2 Qe7 35. b4 a4 36. g4 Qd8 37. Qe3 Qc7 38. Rd4 Rb8 39. Kf2 Rb7 40. Ke1 g5 41. fxg5 Qxe5 42. Kf2 Qxe3+ 43. Kxe3 Kg6 44. Rf4 Nb8 45. Kd4 Kxg5 46. Rf2 Nc6+ 47. Kc5 Na7 48. Rh2 Kxg4 49. Rxh7 Kg5 50. Be2 Kg6 51. Bd3+ Kf6 52. Be2 Ke7 53. Bh5 Kf6 54. Be2 Ke5 55. Rh5+ f5 56. Rh8 Ke4 57. Rh3 Ke5 58. Rh6 f4 59. Bg4 Re7 60. Kb6 Kd6 61. Rf6 Ke5 62. Rh6 Kd6 63. Rf6 Ke5 64. Rh6 1/2-1/2

[Event "Mitropa Online Cup Women 2021"]
[Site "Hybrid"]
[Date "2021.05.04"]
[Round "1.4"]
[White "Karacsonyi, Kata"]
[Black "Gueci, Tea"]
[Result "1/2-1/2"]
[ECO "B90"]
[WhiteElo "2138"]
[BlackElo "2204"]
[Annotator "NA"]
[PlyCount "60"]
[EventDate "2021.05.04"]
[EventType "team-tourn"]
[EventCountry "NET"]
[SourceTitle "playchess.com"]
[Source "ChessBase"]
[SourceQuality "1"]
[WhiteTeam "Hungary"]
[BlackTeam "Italy"]
[WhiteTeamCountry "HUN"]
[BlackTeamCountry "ITA"]
[TimeControl "40/5400+30:1800+30"]

1. e4 c5 2. Nf3 d6 3. d4 cxd4 4. Nxd4 Nf6 5. Nc3 a6 6. h3 e5 7. Nb3 Be7 8. g4 h6 9. Bg2 Be6 10. f4 exf4 11. Bxf4 Nc6 12. Qd2 Ne5 13. O-O-O Rc8 14. Qf2 Nfd7 15. Nd5 Bxd5 16. Rxd5 Nb6 17. Rdd1 Nbc4 18. Bxe5 Nxe5 19. Kb1 O-O 20. Rd5 Qc7 21. Rhd1 Rfd8 22. Bf1 Nc6 23. c3 b5 24. Nd4 Nxd4 25. Qxd4 Bf6 26. Qd2 Be5 27. g5 hxg5 28. Qxg5 Bf6 29. Qd2 Be5 30. h4 Qe7 1/2-1/2

[Event "Mitropa Online Cup Women 2021"]
[Site "Hybrid"]
[Date "2021.05.04"]
[Round "1.5"]
[White "Guichard, Pauline"]
[Black "Novkovic, Julia"]
[Result "1-0"]
[ECO "E92"]
[WhiteElo "2415"]
[BlackElo "2170"]
[Annotator "NA"]
[PlyCount "69"]
[EventDate "2021.05.04"]
[EventType "team-tourn"]
[EventCountry "NET"]
[SourceTitle "playchess.com"]
[Source "ChessBase"]
[SourceQuality "1"]
[WhiteTeam "France"]
[BlackTeam "Austria"]
[WhiteTeamCountry "FRA"]
[BlackTeamCountry "AUT"]
[TimeControl "40/5400+30:1800+30"]

1. d4 Nf6 2. c4 g6 3. Nc3 Bg7 4. e4 d6 5. Nf3 O-O 6. Be2 e5 7. Be3 Nc6 8. d5 Ne7 9. Nd2 Ne8 10. c5 f5 11. f3 Kh8 12. Nc4 Ng8 13. O-O Ngf6 14. cxd6 cxd6 15. Rc1 Nh5 16. Nb5 Nf4 17. Nxa7 Qg5 18. Bxf4 exf4 19. Nxc8 Rxc8 20. e5 Rxc4 21. Rxc4 dxe5 22. d6 Qd8 23. d7 Nf6 24. Rc8 Qxd7 25. Qxd7 Nxd7 26. Rc7 Nf6 27. Rxb7 Rc8 28. a4 Bf8 29. a5 Nd5 30. a6 Rc2 31. Bd3 Bc5+ 32. Kh1 Rd2 33. Rb5 Ne3 34. Rxc5 Rxd3 35. a7 1-0

[Event "Mitropa Online Cup Women 2021"]
[Site "Hybrid"]
[Date "2021.05.04"]
[Round "1.5"]
[White "Monpeurt, Cyrielle"]
[Black "Froewis, Annika"]
[Result "1-0"]
[ECO "C41"]
[WhiteElo "2166"]
[BlackElo "2143"]
[Annotator "NA"]
[PlyCount "111"]
[EventDate "2021.05.04"]
[EventType "team-tourn"]
[EventCountry "NET"]
[SourceTitle "playchess.com"]
[Source "ChessBase"]
[SourceQuality "1"]
[WhiteTeam "France"]
[BlackTeam "Austria"]
[WhiteTeamCountry "FRA"]
[BlackTeamCountry "AUT"]
[TimeControl "40/5400+30:1800+30"]

1. e4 e5 2. Nf3 d6 3. d4 exd4 4. Nxd4 Nf6 5. Nc3 Be7 6. Bf4 O-O 7. Qd2 d5 8. Ndb5 c6 9. Nc7 Bb4 10. exd5 Re8+ 11. Nxe8 Qxe8+ 12. Qe3 Qxe3+ 13. Bxe3 Bxc3+ 14. bxc3 cxd5 15. Rb1 b6 16. Bd3 Nc6 17. O-O Be6 18. Bd4 Ne8 19. f4 f5 20. Rfe1 Kf7 21. Bb5 Na5 22. Be5 Rc8 23. Rbd1 g6 24. Rd3 Nc4 25. Bxc4 Rxc4 26. Rh3 h5 27. Rhe3 Ra4 28. Ra1 b5 29. Rd3 a6 30. g3 Ke7 31. Kf2 Kd7 32. Rd4 Ra3 33. Rd3 Ra4 34. a3 Kc6 35. Rd4 Ra5 36. a4 Kc5 37. Ke3 Bd7 38. Rad1 Bc6 39. axb5 axb5 40. Rb4 Ra2 41. Kd3 Bd7 42. Rbb1 Ra4 43. Ra1 Bc6 44. Rdb1 Bd7 45. Rxa4 bxa4 46. Bd4+ Kd6 47. c4 dxc4+ 48. Kxc4 Be6+ 49. Kb4 Kd5 50. Be5 Bd7 51. Rd1+ Ke6 52. c4 Bc6 53. Kc5 Be4 54. Kb6 g5 55. c5 Bc2 56. Rd2 1-0

[Event "Mitropa Online Cup Women 2021"]
[Site "Hybrid"]
[Date "2021.05.04"]
[Round "1.5"]
[White "Trippold, Denise"]
[Black "Navrotescu, Andreea-Cristiana"]
[Result "0-1"]
[ECO "A10"]
[WhiteElo "2145"]
[BlackElo "2247"]
[Annotator "NA"]
[PlyCount "116"]
[EventDate "2021.05.04"]
[EventType "team-tourn"]
[EventCountry "NET"]
[SourceTitle "playchess.com"]
[Source "ChessBase"]
[SourceQuality "1"]
[WhiteTeam "Austria"]
[BlackTeam "France"]
[WhiteTeamCountry "AUT"]
[BlackTeamCountry "FRA"]
[TimeControl "40/5400+30:1800+30"]

1. c4 e6 2. g3 f5 3. Bg2 Nf6 4. Nf3 d5 5. O-O c6 6. d3 Be7 7. Nbd2 O-O 8. Qc2 Nbd7 9. b3 a5 10. Bb2 Nc5 11. Rad1 Bd7 12. Ne5 Be8 13. Ndf3 Bh5 14. Ba3 Ncd7 15. Nxd7 Nxd7 16. Bxe7 Qxe7 17. d4 Bxf3 18. Bxf3 Qb4 19. Ra1 a4 20. Rfb1 Rfb8 21. e3 axb3 22. axb3 g6 23. Be2 Ra3 24. Rxa3 Qxa3 25. Qb2 Ra8 26. Qxa3 Rxa3 27. c5 e5 28. b4 Ra2 29. Bf3 exd4 30. exd4 Rd2 31. b5 Rxd4 32. bxc6 bxc6 33. Rb7 Ne5 34. Be2 Rd2 35. Kf1 Rc2 36. h4 Rc1+ 37. Kg2 Rxc5 38. h5 Rc2 39. Kf1 gxh5 40. Bxh5 Ng4 41. Rc7 d4 42. Bf7+ Kf8 43. Bh5 Rxf2+ 44. Ke1 Rc2 45. Rxh7 Ne3 46. Rd7 c5 47. Rf7+ Kg8 48. Rd7 Rg2 49. Rc7 d3 50. Rd7 c4 51. Bf3 Rb2 52. Bh5 Kh8 53. Bf3 Rh2 54. Rd8+ Kg7 55. Rd6 Kf7 56. Bd5+ Nxd5 57. Rxd5 Ke6 58. Rd4 Rc2 0-1

[Event "Mitropa Online Cup Women 2021"]
[Site "Hybrid"]
[Date "2021.05.04"]
[Round "1.5"]
[White "Hapala, Elisabeth"]
[Black "Thomas, Anysia"]
[Result "1/2-1/2"]
[ECO "B36"]
[WhiteElo "2120"]
[BlackElo "2164"]
[Annotator "NA"]
[PlyCount "116"]
[EventDate "2021.05.04"]
[EventType "team-tourn"]
[EventCountry "NET"]
[SourceTitle "playchess.com"]
[Source "ChessBase"]
[SourceQuality "1"]
[WhiteTeam "Austria"]
[BlackTeam "France"]
[WhiteTeamCountry "AUT"]
[BlackTeamCountry "FRA"]
[TimeControl "40/5400+30:1800+30"]

1. e4 c5 2. Nf3 g6 3. d4 cxd4 4. Nxd4 Nc6 5. c4 Nf6 6. Nc3 d6 7. Be2 Nxd4 8. Qxd4 Bg7 9. Be3 O-O 10. Qd2 Be6 11. Rc1 Qa5 12. b3 Rfc8 13. f3 a6 14. Na4 Qxd2+ 15. Kxd2 Nd7 16. g4 f5 17. gxf5 gxf5 18. Rhg1 Kh8 19. Bd3 f4 20. Bf2 Bf6 21. Nc3 b5 22. Nd5 Bxd5 23. cxd5 Bb2 24. Rc2 Rxc2+ 25. Kxc2 Bf6 26. Kd2 Rc8 27. Rc1 Rxc1 28. Kxc1 Ne5 29. Be2 Kg7 30. a4 Kf7 31. axb5 axb5 32. h3 e6 33. Bxb5 exd5 34. exd5 Nxf3 35. Bf1 Ne5 36. b4 Bd8 37. Kc2 Nd7 38. Kd3 Kg6 39. Bg2 Kg5 40. Kc4 f3 41. Bf1 Kf4 42. Kb5 Ne5 43. Ka6 Ke4 44. b5 Kxd5 45. b6 Nd7 46. Bb5 Nxb6 47. Bxb6 Bxb6 48. Kxb6 Kd4 49. Kc6 d5 50. Bf1 h5 51. h4 Ke4 52. Kc5 d4 53. Kc4 Ke3 54. Bd3 f2 55. Bf1 Ke4 56. Bd3+ Ke3 57. Bf1 Ke4 58. Bd3+ Ke3 1/2-1/2